 Dungeon Crawl Stone Soup version 0.30-a0-632-g346586fe48 (webtiles) character file.

Game seed: 9241459282372913516

452 mampy3000 the Chopper (level 6, 0/56 HPs)
             Began as a Minotaur Berserker on Jan 13, 2023.
             Was a Priest of Trog.
             Killed from afar by a steam dragon (15 damage)
             ... with a ball of steam
             ... on level 5 of the Dungeon.
             The game lasted 00:10:43 (3055 turns).

mampy3000 the Chopper (Minotaur Berserker)          Turns: 3055, Time: 00:10:43

Health: 0/56       AC:  9    Str: 29    XL:     6   Next: 75%
Magic:  5/5        EV: 14    Int:  4    God:    Trog [***...]
Gold:   228        SH:  0    Dex: 10    Spells: 5/5 levels left

rFire   . . .      SeeInvis .    q - +1 war axe
rCold   . . .      Faith    .    (no shield)
rNeg    . . .      Spirit   .    t - +0 chain mail
rPois   .          Reflect  .    (helmet restricted)
rElec   .          Harm     .    (no cloak)
rCorr   .          Rampage  .    (no gloves)
Will    ++...                    (no boots) Stlth
                                 (no amulet)
HPRegen 1.29/turn                m - +5 ring of evasion
MPRegen 0.09/turn                n - +6 ring of strength

@: strong-willed, regenerating
A: horns 2, retaliatory headbutt
a: Renounce Religion, Berserk, Trog's Hand


You were on level 5 of the Dungeon.
You worshipped Trog.
Trog was most pleased with you.
You visited 1 branch of the dungeon, and saw 5 of its levels.

You collected 228 gold pieces.

Inventory:

Hand Weapons
 a - a +0 hand axe
 q - a +1 war axe (weapon)
Armour
 d - a +1 scale mail
 f - a scarf of invisibility
 t - a +0 chain mail (worn)
Jewellery
 m - a +5 ring of evasion (left hand)
 n - a +6 ring of strength (right hand)
Scrolls
 b - a scroll of fear
 g - 2 scrolls of blinking
 i - a scroll of enchant armour
 k - a scroll of immolation
 o - a scroll of enchant weapon
 r - 2 scrolls of identify
 s - a scroll of noise {unknown}
Potions
 c - 4 potions of lignification {unknown}
 e - 3 potions of curing {unknown}
 h - 7 potions of heal wounds
 j - 2 potions of attraction {unknown}
 l - a potion of berserk rage {unknown}
 p - a potion of might {unknown}
 u - a potion of haste {unknown}


   Skills:
 + Level 5.2 Fighting
 + Level 7.4 Axes
 + Level 4.0 Armour
 + Level 2.8 Dodging
 + Level 0.1 Stealth


You had 5 spell levels left.
You didn't know any spells.
Your spell library was empty.

Dungeon Overview and Level Annotations

Branches:
Dungeon (5/15)
 Temple: D:4-7

Altars:

Shops:
D:4 =


Innate Abilities, Weirdness & Mutations

You have a pair of horns on your head.
You reflexively headbutt those who attack you in melee.


Message History

The centaur wields a +0 shortbow.
The centaur shoots an arrow.
The arrow closely misses you.
Found 14 gold pieces and a book of Callings.
The centaur shoots an arrow.
The arrow hits you. The steam dragon misses you.
The steam dragon barely misses you.
The centaur shoots an arrow.
The arrow hits you.
You closely miss the steam dragon. Your headbutt misses the steam dragon.
The centaur shoots an arrow.
The arrow closely misses you.
The steam dragon bites you but does no damage.
The steam dragon claws you.
You slash the steam dragon!
The steam dragon is heavily wounded.
The steam dragon breathes steam at you. The ball of steam hits you!!
The centaur shoots an arrow.
The arrow hits you.
You are too injured to fight recklessly!
You are too injured to fight recklessly!
You are too injured to fight recklessly!
You are too injured to fight recklessly!
You are too injured to fight recklessly!
You are too injured to fight recklessly!
You are too injured to fight recklessly!
You are too injured to fight recklessly!
You are too injured to fight recklessly!
Your skin crawls.
You feel strong-willed.
The centaur shoots an arrow.
The arrow closely misses you. The steam dragon barely misses you.
The steam dragon claws you but does no damage.
You are engulfed in a cloud of scalding steam.
The centaur shoots an arrow.
The arrow completely misses you.
The arrow hits the steam dragon.
The steam dragon bites you but does no damage.
The steam dragon claws you.
The centaur shoots an arrow.
The arrow hits you.
The centaur shoots an arrow.
The arrow hits you.
* * * LOW HITPOINT WARNING * * *
The steam dragon closely misses you. The steam dragon barely misses you.
Found 9 gold pieces.
The centaur shoots an arrow.
The arrow misses you. The steam dragon breathes steam at you.
The ball of steam hits you!
You die...

.####.#........#
....#†..####.
###....### #
#..§....# ##
##....#.# ..
#§§..#.##.
####.#D..$...$.
.......§..#.###
.......@..c....
.....##.#..####
####. #.#....$ .
#...#...# ##
.....#:#. ..#..
... ...# .. ....


You could see a steam dragon (catching breath) and a centaur.

Vanquished Creatures
  Edmund (D:4)
  A black bear (D:5)
  A scorpion (D:5)
  An iguana (D:4)
  8 adders
  2 worms
  2 dart slugs
  3 orcs
  5 ball pythons
  3 bats
  9 endoplasms
  4 giant cockroaches
  12 hobgoblins
  5 jackals
  3 kobolds
  4 quokkas
  3 frilled lizards
  8 goblins
  11 rats
86 creatures vanquished.

Vanquished Creatures (others)
  A plant (D:2)
1 creature vanquished.

Grand Total: 87 creatures vanquished

Notes
Turn   | Place    | Note
-------+----------+-------------------------------------------
     0 | D:1      | mampy3000 the Minotaur Berserker began the quest for the
                  | Orb.
     0 | D:1      | Reached XP level 1. HP: 19/19 MP: 0/0
   167 | D:1      | Reached skill level 4 in Axes
   167 | D:1      | Reached XP level 2. HP: 27/27 MP: 1/1
   897 | D:2      | Reached XP level 3. HP: 33/33 MP: 2/2
  1006 | D:2      | Reached ** piety under Trog
  1988 | D:3      | Reached XP level 4. HP: 40/41 MP: 3/3
  2028 | D:3      | Reached skill level 5 in Axes
  2028 | D:3      | Found a faded altar of an unknown god.
  2444 | D:4      | Reached XP level 5. HP: 47/47 MP: 4/4
  2451 | D:4      | Found Wugun's One-of-a-Kind Rings.
  2480 | D:4      | Reached *** piety under Trog
  2527 | D:4      | Noticed Edmund
  2538 | D:4      | Killed Edmund
  2539 | D:4      | Reached skill level 6 in Axes
  2539 | D:4      | Reached XP level 6. HP: 46/55 MP: 5/5
  2899 | D:5      | Entered Level 5 of the Dungeon
  2932 | D:5      | Reached skill level 5 in Fighting
  2932 | D:5      | Reached skill level 7 in Axes
  3047 | D:5      | Noticed a steam dragon
  3055 | D:5      | Killed from afar by a steam dragon

Illustrated notes

Levels and vault maps discovered:
D:1:      onia_arrival_mini_maze_b, layout_loops_cross
D:2:      layout_basic, serial_forest, infiniplex_forest_clump_curved,
          infiniplex_forest_lined_3_way, infiniplex_forest_lined_room_,
          infiniplex_forest_straight_2, infiniplex_forest_end_double,
          hangedman_abyss_or_decor_stabs, skrybe_limestone_x
D:3:      kennysheep_six_static_rooms, layout_rooms,
          nicolae_ecumenical_oubliette
D:4:      layout_cave_pools, nicolae_shop_unique_rings, uniq_edmund
D:5:      layout_loops_cross, minmay_temple_entry_mini_moons,
          kennysheep_decorative_pillar

Skill      XL: |  1  2  3  4  5  6 |
---------------+-------------------+-----
Axes           | 4 5 6 7 |  7.4
Fighting       | 4 5 |  5.2
Armour         | 3 4 |  4.0
Dodging        | |  2.8
Stealth        | |  0.1

Action                   |  1- 3 |  4- 6 || total
-------------------------+-------+-------++-------
Melee: Hand axe          |    73 |       ||    73
       Headbutt          |     7 |    11 ||    18
       War axe           |     2 |    86 ||    88
       Punch             |     2 |       ||     2
Invok: Berserk           |       |     1 ||     1
       Trog's Hand       |       |     1 ||     1
  Use: Scroll            |     4 |     4 ||     8
Armor: Scale mail        |    28 |    20 ||    48
       Chain mail        |       |     9 ||     9
Dodge: Dodged            |    57 |    96 ||   153

Table legend: (Time is in decaauts)
 A = Elapsed time spent in this place.
 B = Non-inter-level travel time spent in this place.
 C = Inter-level travel time spent in this place.
 D = Time resting spent in this place.
 E = Time spent auto-exploring this place.
 F = Levels seen in this place.
 G = Mean time per level.
                   A        B        C        D        E       F      G
               +--------+--------+--------+--------+--------+-----+--------+
         Total |   3089 |   2955 |    134 |      0 |   2386 |   5 |  617.8 |
       Dungeon |   3089 |   2955 |    134 |      0 |   2386 |   5 |  617.8 |
               +--------+--------+--------+--------+--------+-----+--------+

Top non-repeatable levels by time:
     D:2: 908 daAuts
     D:1: 880 daAuts
     D:4: 607 daAuts
     D:3: 534 daAuts
     D:5: 158 daAuts
